Zazza, neutral female human Tourist -------- -------- |..(...| ------------- ..$.... |...%%.- ............| |..... |......|## |..)........| ... ........##########-.(.........| . --------# |............### ############# ............| # # # |...........| ### # ### ------------- # # _ ########################` # # # . .| | Zazza the Sightseer Experience level: 4 Strength: 8 Dexterity: 10 Constitution: 15 Intelligence: 16 Wisdom: 9 Charisma: 15 Health: 127(127) Energy: 13(13) Def: 16 Gold: 369 Moves: 2080 Dungeon seed: 3231RdwUe95991ra Game ID: Zazza_1570376476 Your Inventory: Coins $ - 369 gold pieces Weapons a - 23 +2 darts (in quiver) l - a +0 broadsword (weapon in hand) r - a cursed -1 elven dagger Armor e - a cursed +0 Hawaiian shirt (being worn) Comestibles b - 7 uncursed food rations c - an uncursed slime mold d - an uncursed sprig of wolfsbane f - an uncursed tripe ration g - an uncursed cream pie o - an uncursed egg Scrolls i - 3 uncursed scrolls of magic mapping p - an uncursed scroll of magic mapping Potions h - 2 uncursed potions of extra healing u - an uncursed potion of oil Tools j - an expensive camera (0:35) k - an uncursed credit card m - an uncursed blindfold Gems n - an uncursed worthless piece of yellowish brown glass q - a cursed loadstone y - a cursed topaz stone Iron balls z - an uncursed heavy iron ball (chained to you) Spells and supernatural/magical abilities: Name Level Category Fail Memory W - pray for help -- divine ? -- Z - monster magic -- ability ? -- Your skills at the end: Fighting Skills Weapon Skills dart [Basic] Spellcasting Skills Final Attributes: You had strayed. You were fire resistant. You were cold resistant. You were sleep resistant. You were shock resistant. You were poison resistant. You were level-drain resistant. You had infravision. You aggravated monsters. You could survive without air. You regenerated. You were permanently polymorphed into an arch-lich. You could not change from your current form. You were extremely unlucky. The Lady was very angry with you. You are dead. Vanquished creatures: a shrieker a kitten 2 hobbits a large kobold 2 geckos a kobold 2 lichens a newt 11 creatures vanquished. Voluntary challenges: You used a wielded weapon 11 times, starting on turn 81. You read items or engraved 2 times, starting on turn 529. You never genocided any monsters. You never polymorphed an object. You never changed form. You used no wishes. You never split a pudding. You never wrote Elbereth's name. You violated your moral code, losing 24 points of alignment, starting on turn 81. Dungeon overview: The Dungeons of Doom: levels 1 to 2 Level 1 a sink a long staircase Level 2 <- You were here History has recorded: On T:1 you entered the Dungeons of Doom to retrieve the Amulet of Yendor! On T:81 you advanced to experience level 2. On T:413 you advanced to experience level 3. On T:879 you reached level 2 of The Dungeons of Doom. On T:1213 you advanced to experience level 4. Score breakdown: Gold: 231 ( 8046 points) Experience: 4 levels ( 9649 points) Exploration: 2 levels ( 3.85%) ( 4200 points) Discoveries: 0 items ( 0.00%) ( 0 points) Valuables value: (no points given unless you survive) Artifact value: 0 ( 0 points) Variety of kills: 8 monsters ( 2.10%) ( 4347 points) Turncount: 2080 turns ( -58 points) Survival: died (score multiplied by 80%) Total score: 20947 Latest messages: You faint from lack of food. You come to. You begin praying to The Lady. The voice of The Lady booms: "Thou hast angered me." A black glow surrounds you. You faint from lack of food. You come to. You faint from lack of food. You come to. You begin praying to The Lady. The voice of The Lady thunders: "Thou hast strayed from the path, creature." "Thou must relearn thy lessons!" You feel foolish! You faint from lack of food. You come to. You faint from lack of food. You come to. You faint from lack of food. You come to. You faint from lack of food. You die from starvation. Final status: Aloha Zazza the Tourist, died of starvation, while fainted from lack of food... You starved in The Dungeons of Doom on dungeon level 2 with 20947 points, and 369 pieces of gold, after 2080 moves. You were level 4 with a maximum of 31 hit points when you starved.